General information
- name: BNet
- type: Ladder team game (AT/RT)
- host: Battle.net
- saver: dogsandhorse.ru
map: Monsoon
- players: 6
- length: 23:51
- speed: Fast
- version: 1.26 W3XP
- replay type:

» download(175 KB)
Players
team 1 (winner)
Birdeneering (
green | 120 APM | 2853 actions | 23:50)
4 Archmage
2 Blizzard
2 Brilliance Aura
3 Blood Mage
2 Flame Strike
1 Banish
2 Pit Lord
1 Rain of Fire
1 Cleaving Attack
» actions
| Assign group hotkey | 415 | |
| Basic commands | 2 | |
| Build / train | 155 | |
| Enter build submenu | 93 | |
| Enter hero's abilities submenu | 9 | |
| Give item / drop item | 7 | |
| Remove unit from queue | 2 | |
| Right click | 1206 | |
| Select / deselect | 380 | |
| Select group hotkey | 376 | |
| Use ability | 208 | |
2853 total
» units
| Peasant | 19 | |
| Dragonhawk Rider | 9 | |
28 total
» upgrades
| Masonry | 3 | |
| Lumber Harvesting | 2 | |
| Magic Sentry | 1 | |
| Swords | 2 | |
| Armor | 2 | |
| Animal War Training | 1 | |
11 total
» buildings
| Altar of Kings | 1 | |
| Farm | 7 | |
| Lumber Mill | 1 | |
| Scout Tower | 91 | |
| Arcane Tower | 5 | |
| Guard Tower | 74 | |
| Keep | 2 | |
| Arcane Vault | 2 | |
| Castle | 1 | |
| Arcane Sanctum | 1 | |
| Gryphon Aviary | 1 | |
| Barracks | 1 | |
| Blacksmith | 1 | |
| Town Hall | 2 | |
190 total
» build order
00:05 Altar of Kings
00:11 Farm
00:48 Lumber Mill
00:51 Farm
00:57 Scout Tower
01:22 Scout Tower
01:40 Arcane Tower
01:43 Scout Tower
01:52 Scout Tower
01:53 Arcane Tower
02:13 Scout Tower
02:13 Guard Tower
02:16 Scout Tower
02:19 Guard Tower
02:20 Guard Tower
02:20 Guard Tower
02:32 Scout Tower
02:38 Guard Tower
02:39 Guard Tower
02:40 Scout Tower
03:06 Keep
03:06 Keep
03:14 Scout Tower
03:16 Guard Tower
03:16 Guard Tower
03:19 Guard Tower
03:20 Scout Tower
03:26 Guard Tower
03:26 Guard Tower
03:44 Scout Tower
03:46 Guard Tower
03:54 Scout Tower
03:54 Guard Tower
04:53 Scout Tower
04:53 Guard Tower
04:55 Scout Tower
04:56 Guard Tower
04:56 Guard Tower
04:56 Guard Tower
05:22 Guard Tower
05:23 Scout Tower
05:26 Scout Tower
05:30 Arcane Vault
06:12 Castle
06:14 Scout Tower
06:16 Guard Tower
06:16 Guard Tower
06:16 Guard Tower
06:23 Guard Tower
06:24 Guard Tower
06:24 Guard Tower
06:34 Guard Tower
06:55 Guard Tower
06:56 Scout Tower
07:04 Farm
07:04 Farm
07:08 Scout Tower
07:09 Scout Tower
07:12 Scout Tower
07:14 Scout Tower
07:15 Scout Tower
07:16 Scout Tower
07:20 Arcane Sanctum
07:26 Guard Tower
07:28 Arcane Vault
08:05 Guard Tower
08:06 Guard Tower
08:44 Scout Tower
08:47 Farm
08:58 Gryphon Aviary
09:44 Guard Tower
09:45 Scout Tower
09:47 Scout Tower
09:51 Farm
09:53 Scout Tower
09:54 Scout Tower
09:55 Scout Tower
09:58 Guard Tower
11:23 Guard Tower
11:33 Guard Tower
11:34 Guard Tower
11:36 Scout Tower
11:36 Scout Tower
11:38 Guard Tower
11:40 Scout Tower
11:41 Scout Tower
11:43 Scout Tower
11:44 Scout Tower
12:24 Guard Tower
12:28 Barracks
12:29 Blacksmith
12:30 Guard Tower
12:32 Guard Tower
12:33 Scout Tower
12:34 Scout Tower
13:25 Guard Tower
13:28 Scout Tower
13:31 Scout Tower
13:32 Scout Tower
13:33 Guard Tower
13:50 Scout Tower
14:08 Guard Tower
14:10 Scout Tower
14:19 Scout Tower
14:20 Guard Tower
14:23 Town Hall
14:30 Scout Tower
14:32 Scout Tower
14:49 Scout Tower
14:50 Guard Tower
14:52 Scout Tower
15:00 Guard Tower
16:01 Guard Tower
16:03 Scout Tower
16:11 Guard Tower
16:12 Scout Tower
16:15 Scout Tower
16:40 Farm
17:11 Guard Tower
17:13 Scout Tower
17:17 Scout Tower
17:18 Scout Tower
17:32 Guard Tower
17:33 Scout Tower
17:47 Scout Tower
17:48 Guard Tower
18:27 Town Hall
18:36 Guard Tower
18:37 Scout Tower
18:39 Guard Tower
18:41 Scout Tower
18:50 Guard Tower
18:51 Scout Tower
19:24 Guard Tower
19:25 Scout Tower
19:27 Guard Tower
19:36 Scout Tower
19:36 Scout Tower
19:37 Scout Tower
19:38 Scout Tower
19:39 Scout Tower
19:43 Guard Tower
19:44 Scout Tower
19:45 Scout Tower
19:47 Scout Tower
19:48 Scout Tower
19:49 Scout Tower
19:49 Scout Tower
19:50 Scout Tower
19:51 Scout Tower
19:52 Scout Tower
19:53 Scout Tower
20:16 Guard Tower
20:16 Guard Tower
20:21 Scout Tower
20:22 Scout Tower
20:22 Scout Tower
20:27 Scout Tower
20:29 Scout Tower
20:48 Guard Tower
20:50 Scout Tower
20:53 Guard Tower
21:06 Guard Tower
21:06 Guard Tower
21:12 Scout Tower
21:13 Scout Tower
21:56 Guard Tower
22:33 Scout Tower
22:36 Arcane Tower
22:38 Scout Tower
23:03 Guard Tower
23:07 Scout Tower
23:09 Arcane Tower
» items
| Boots of Speed | 3 | |
| Staff of Teleportation | 3 | |
| Healing Salve | 2 | |
| Staff of Sanctuary | 3 | |
| Scroll of Regeneration | 3 | |
| Scroll of Town Portal | 3 | |
| Orb of Lightning | 3 | |
20 total
dogsandhorse.ru (
yellow | 112 APM | 2680 actions | 23:51)
4 Blademaster
2 Wind Walk
2 Critical Strike
1 Tauren Chieftain
1 Shockwave
» actions
| Assign group hotkey | 14 | |
| Basic commands | 5 | |
| Build / train | 84 | |
| Enter build submenu | 62 | |
| Enter hero's abilities submenu | 6 | |
| Give item / drop item | 2 | |
| Remove unit from queue | 9 | |
| Right click | 1815 | |
| Select / deselect | 426 | |
| Select group hotkey | 54 | |
| Use ability | 201 | |
2680 total
» units
» upgrades
| Reinforced Defenses | 1 | |
| Liquid Fire | 1 | |
| Ranged Weapons | 2 | |
4 total
» buildings
| Orc Burrow | 5 | |
| Altar of Storms | 1 | |
| War Mill | 1 | |
| Voodoo Lounge | 3 | |
| Watch Tower | 34 | |
| Stronghold | 2 | |
| Great Hall | 1 | |
| Beastiary | 2 | |
| Fortress | 5 | |
54 total
» build order
00:19 Orc Burrow
00:23 Altar of Storms
00:35 War Mill
01:53 Voodoo Lounge
01:55 Watch Tower
02:11 Watch Tower
02:41 Watch Tower
02:53 Watch Tower
03:36 Watch Tower
03:39 Stronghold
03:39 Stronghold
03:46 Watch Tower
04:03 Watch Tower
04:19 Watch Tower
04:32 Watch Tower
05:15 Watch Tower
05:17 Watch Tower
05:18 Watch Tower
05:48 Watch Tower
06:17 Watch Tower
06:32 Watch Tower
06:56 Watch Tower
06:59 Watch Tower
07:10 Watch Tower
07:12 Watch Tower
07:40 Watch Tower
08:09 Orc Burrow
08:12 Orc Burrow
08:15 Watch Tower
08:22 Orc Burrow
08:25 Orc Burrow
08:43 Watch Tower
09:47 Watch Tower
09:51 Great Hall
11:23 Beastiary
11:26 Beastiary
11:35 Watch Tower
11:58 Watch Tower
11:59 Watch Tower
12:00 Watch Tower
13:38 Fortress
13:38 Fortress
13:39 Fortress
13:59 Watch Tower
14:00 Watch Tower
15:14 Watch Tower
17:50 Voodoo Lounge
19:02 Watch Tower
19:04 Watch Tower
19:27 Voodoo Lounge
22:52 Watch Tower
22:54 Watch Tower
» items
| Healing Salve | 4 | |
| Lesser Clarity Potion | 7 | |
| Scroll of Town Portal | 4 | |
| Boots of Speed | 2 | |
| Staff of Teleportation | 2 | |
| Potion of Lesser Invulnerability | 1 | |
| Orb of Lightning | 1 | |
21 total
NUTSONYOCHIN.de (
red | 91 APM | 2180 actions | 23:50)
6 Warden
3 Shadow Strike
2 Blink
1 Spirit of Vengeance
» actions
| Assign group hotkey | 5 | |
| Basic commands | 13 | |
| Build / train | 69 | |
| ESC pressed | 17 | |
| Enter build submenu | 24 | |
| Enter hero's abilities submenu | 7 | |
| Give item / drop item | 4 | |
| Remove unit from queue | 1 | |
| Right click | 1423 | |
| Select / deselect | 132 | |
| Select group hotkey | 328 | |
| Use ability | 157 | |
2180 total
» units
» upgrades
| Corrosive Breath | 1 | |
| Well Spring | 1 | |
| Ultravision | 1 | |
| Strength of the Wild | 2 | |
| Reinforced Hides | 2 | |
7 total
» buildings
| Altar of Elders | 1 | |
| Moon Well | 16 | |
| Tree of Life | 2 | |
| Ancient of Wonders | 1 | |
| Tree of Ages | 1 | |
| Tree of Eternity | 2 | |
| Ancient of Wind | 1 | |
| Chimaera Roost | 2 | |
| Hunter's Hall | 1 | |
27 total
» build order
00:22 Altar of Elders
00:26 Moon Well
02:02 Moon Well
03:11 Tree of Life
03:13 Ancient of Wonders
03:46 Tree of Life
05:13 Tree of Ages
05:55 Moon Well
08:52 Tree of Eternity
08:52 Tree of Eternity
09:02 Moon Well
09:04 Moon Well
09:05 Moon Well
09:49 Ancient of Wind
11:36 Chimaera Roost
11:37 Chimaera Roost
11:39 Hunter's Hall
15:18 Moon Well
15:18 Moon Well
15:22 Moon Well
15:22 Moon Well
16:26 Moon Well
16:27 Moon Well
16:29 Moon Well
16:29 Moon Well
16:48 Moon Well
16:48 Moon Well
» items
| Healing Salve | 1 | |
| Lesser Clarity Potion | 3 | |
| Staff of Teleportation | 1 | |
| Boots of Speed | 1 | |
| Scroll of Regeneration | 1 | |
| Orb of Venom | 1 | |
| Potion of Healing | 1 | |
| Scroll of Town Portal | 2 | |
11 total
team 2 (loser)

»
andruxans. (
orange | 83 APM | 1952 actions | 23:30)
5 Blademaster
3 Wind Walk
2 Critical Strike
» actions
| Assign group hotkey | 30 | |
| Build / train | 125 | |
| Enter build submenu | 17 | |
| Enter hero's abilities submenu | 5 | |
| Give item / drop item | 5 | |
| Right click | 1037 | |
| Select / deselect | 162 | |
| Select group hotkey | 514 | |
| Use ability | 57 | |
1952 total
» units
| Peon | 24 | |
| Grunt | 13 | |
| Troll Batrider | 24 | |
| Tauren | 12 | |
| Troll Witch Doctor | 1 | |
| Spirit Walker | 5 | |
79 total
» upgrades
| Berserker Strength | 1 | |
| Spiked Barricades | 1 | |
| Armor | 1 | |
| Liquid Fire | 1 | |
| Envenomed Spears | 1 | |
| Pulverize | 1 | |
| Witch Doctor Training | 2 | |
| Spirit Walker Training | 2 | |
10 total
» buildings
| Altar of Storms | 1 | |
| Orc Burrow | 8 | |
| Barracks | 1 | |
| Voodoo Lounge | 1 | |
| War Mill | 1 | |
| Stronghold | 4 | |
| Fortress | 2 | |
| Beastiary | 2 | |
| Tauren Totem | 2 | |
| Spirit Lodge | 3 | |
25 total
» build order
00:08 Altar of Storms
00:18 Orc Burrow
00:36 Barracks
01:50 Voodoo Lounge
02:32 Orc Burrow
02:43 War Mill
03:53 Stronghold
03:53 Stronghold
03:53 Stronghold
06:38 Fortress
06:39 Fortress
07:51 Orc Burrow
07:52 Orc Burrow
07:53 Orc Burrow
08:49 Beastiary
08:50 Beastiary
09:59 Orc Burrow
10:42 Tauren Totem
10:43 Tauren Totem
14:39 Spirit Lodge
14:40 Spirit Lodge
15:01 Spirit Lodge
15:03 Orc Burrow
15:11 Orc Burrow
» items
| Healing Salve | 2 | |
| Lesser Clarity Potion | 3 | |
| Scroll of Speed | 1 | |
| Dust of Appearance | 1 | |
| Tiny Great Hall | 1 | |
| Boots of Speed | 1 | |
| Potion of Lesser Invulnerability | 2 | |
| Scroll of Protection | 1 | |
| Scroll of Town Portal | 2 | |
14 total

»
Cmoki-Mo (
teal | 58 APM | 1383 actions | 23:49)
3 Death Knight
2 Death Coil
1 Unholy Aura
3 Lich
2 Frost Nova
1 Frost Armor
» actions
| Assign group hotkey | 34 | |
| Basic commands | 20 | |
| Build / train | 63 | |
| ESC pressed | 1 | |
| Enter build submenu | 24 | |
| Enter hero's abilities submenu | 6 | |
| Give item / drop item | 3 | |
| Right click | 455 | |
| Select / deselect | 177 | |
| Select group hotkey | 512 | |
| Use ability | 88 | |
1383 total
» units
| Acolyte | 16 | |
| Ghoul | 5 | |
| Crypt Fiend | 5 | |
| Frost Wyrm | 5 | |
| Obsidian Statue | 2 | |
| Meatwagon | 2 | |
| Gargoyle | 2 | |
37 total
» upgrades
| Burrow | 1 | |
| Ghoul Frenzy | 1 | |
| Freezing Breath | 1 | |
3 total
» buildings
| Crypt | 1 | |
| Graveyard | 1 | |
| Ziggurat | 13 | |
| Altar of Darkness | 1 | |
| Tomb of Relics | 1 | |
| Halls of the Dead | 1 | |
| Nerubian Tower | 1 | |
| Black Citadel | 1 | |
| Sacrificial Pit | 1 | |
| Boneyard | 2 | |
| Slaughterhouse | 1 | |
| Spirit Tower | 3 | |
27 total
» build order
00:09 Crypt
00:12 Graveyard
00:25 Ziggurat
00:46 Altar of Darkness
01:04 Ziggurat
01:32 Tomb of Relics
03:00 Halls of the Dead
03:09 Nerubian Tower
05:52 Black Citadel
05:54 Sacrificial Pit
05:57 Ziggurat
07:23 Ziggurat
08:16 Boneyard
08:17 Boneyard
10:59 Slaughterhouse
12:44 Ziggurat
12:48 Ziggurat
12:49 Ziggurat
12:52 Ziggurat
15:00 Spirit Tower
19:15 Ziggurat
19:17 Ziggurat
19:19 Ziggurat
19:21 Ziggurat
19:23 Ziggurat
19:51 Spirit Tower
19:51 Spirit Tower
» items
| Rod of Necromancy | 1 | |
| Dust of Appearance | 1 | |
| Boots of Speed | 1 | |
| Scroll of Town Portal | 1 | |
| Potion of Healing | 2 | |
| Orb of Corruption | 2 | |
| Potion of Mana | 1 | |
9 total
mega[pyc]pro100 (
purple | 48 APM | 1135 actions | 23:24)
3 Demon Hunter
1 Mana Burn
2 Evasion
3 Naga Sea Witch
2 Frost Arrows
1 Forked Lightning
» actions
| Assign group hotkey | 20 | |
| Basic commands | 9 | |
| Build / train | 50 | |
| Enter build submenu | 26 | |
| Enter hero's abilities submenu | 6 | |
| Right click | 463 | |
| Select / deselect | 319 | |
| Select group hotkey | 181 | |
| Use ability | 61 | |
1135 total
» units
» upgrades
| Strength of the Wild | 3 | |
| Reinforced Hides | 2 | |
| Corrosive Breath | 1 | |
6 total
» buildings
| Moon Well | 9 | |
| Altar of Elders | 1 | |
| Hunter's Hall | 1 | |
| Ancient of War | 1 | |
| Tree of Ages | 2 | |
| Tree of Eternity | 1 | |
| Ancient of Lore | 2 | |
| Ancient of Wind | 1 | |
| Chimaera Roost | 4 | |
| Tree of Life | 1 | |
| Ancient Protector | 3 | |
26 total
» build order
00:22 Moon Well
00:36 Altar of Elders
01:42 Hunter's Hall
01:51 Ancient of War
02:03 Moon Well
03:19 Tree of Ages
04:21 Moon Well
05:21 Moon Well
05:52 Tree of Eternity
05:56 Ancient of Lore
06:22 Ancient of Lore
07:53 Ancient of Wind
08:21 Moon Well
09:07 Chimaera Roost
09:09 Chimaera Roost
09:10 Chimaera Roost
09:17 Moon Well
09:19 Chimaera Roost
09:40 Tree of Life
11:00 Ancient Protector
11:06 Ancient Protector
11:12 Ancient Protector
15:00 Moon Well
17:42 Moon Well
19:26 Moon Well
» items
Chat log
(07:31 / All) dogsandhorse.ru: huntress is this really your choice
(13:00 / All) mega[pyc]pro100: MH
(13:04 / All) dogsandhorse.ru: two red creeps
(13:11 / All) mega[pyc]pro100: LOL
(20:50 / All) mega[pyc]pro100: FU
(20:52 / All) mega[pyc]pro100: SUX
(20:53 / All) mega[pyc]pro100: NOOBS
(20:57 / All) dogsandhorse.ru: lol
(21:05 / All) dogsandhorse.ru: ok
(23:35 / All) Birdeneering: bad game
(23:41 / All) dogsandhorse.ru: leave
(23:42 / All) dogsandhorse.ru: shitlord
(23:47 / All) dogsandhorse.ru: shitbit birdnoob